 Dungeon Crawl Stone Soup version 0.31-a0-161-gb58dd9be76 (webtiles) character file.

Game seed: 780027686906611801

328 frimble the Ruffian (level 6, 0/39 HPs)
             Began as an Octopode Warper on June 12, 2023.
             Slain by an orc priest
             ... wielding a +0 hand axe
              (3 damage)
             ... on level 4 of the Dungeon.
             The game lasted 00:04:00 (3279 turns).

frimble the Ruffian (Octopode Warper)               Turns: 3279, Time: 00:04:01

Health: 0/39       AC:  3    Str: 12    XL:     6   Next: 50%
Magic:  9/9        EV: 13    Int: 16    God:
Gold:   861        SH:  0    Dex: 11    Spells: 9/9 levels left

rFire   . .          .
                       - Unarmed
rCold   x . .        (no shield)
rNeg    . . .        (helmet restricted)
rPois   .            (no amulet)
rElec   .            (no ring)
rCorr   .            (no ring)
SInv    .            (no ring)
Will    .....        (no ring)
Stlth   ++           (no ring)
HPRegen 0.26/turn    (no ring)
MPRegen 0.11/turn    (no ring)
                     (no ring)

%: no passive effects
@: on berserk cooldown, slowed, very slow
A: almost no armour, amphibious, 8 rings, camouflage 1, gelatinous body 1,
(nimble swimmer 1), tentacles, iridescent scales 1, cold vulnerability 1,
inability to drink after injury 1
a: no special abilities


You were on level 4 of the Dungeon.
You visited 1 branch of the dungeon, and saw 4 of its levels.

You collected 861 gold pieces.

Inventory:

Missiles
 b - 7 boomerangs of dispersal
 e - 4 javelins (quivered)
 p - a throwing net
Jewellery
 c - an amulet of faith
Wands
 g - a wand of flame (16)
 i - a wand of roots (13)
Scrolls
 a - a scroll of blinking
 d - 7 scrolls of teleportation
 j - a scroll of poison {unknown}
 k - a scroll of fog {unknown}
 l - 2 scrolls of identify
 m - a scroll of immolation {unknown}
Potions
 n - a potion of attraction {unknown}
 o - a potion of resistance {unknown}


   Skills:
 - Level 2.0 Fighting
 - Level 1.0 Throwing
 - Level 2.3 Dodging
 - Level 6.2 Unarmed Combat
 - Level 2.0 Spellcasting
 - Level 3.0 Translocations
 + Level 2.3 Evocations


You had 9 spell levels left.
You didn't know any spells.
Your spell library contained the following spells:

 Spells                   Type           Power      Damage    Failure   Level
 Blink                    Tloc           22%        N/A       9%          2
 Lesser Beckoning         Tloc           22%        N/A       9%          2
 Teleport Other           Tloc           11%        N/A       19%         3
 Beastly Appendage        Tmut           2%         N/A       21%         1
 Magic Dart               Conj           4%         1d3       21%         1
 Call Imp                 Summ           2%         N/A       30%         2
 Wereblood                Tmut           1%         N/A       30%         2
 Portal Projectile        Hex/Tloc       12%        N/A       32%         3
 Vhi's Electric Charge    Tloc/Air       12%        N/A       32%         3
 Mephitic Cloud           Conj/Pois/Air  1%         N/A       52%         3
 Spider Form              Tmut/Pois      1%         N/A       52%         3
 Tukima's Dance           Hex            1%         N/A       52%         3
 Manifold Assault         Tloc           11%        N/A       52%         4
 Blade Hands              Tmut           0%         N/A       99%         5


Dungeon Overview and Level Annotations

Branches:
Dungeon (4/15)
 Temple: D:4-7

Altars:

Annotations:
D:4 exclusion: ogre, Grinder


Innate Abilities, Weirdness & Mutations

You cannot wear most types of armour.
You are amphibious.
You can wear up to eight rings at the same time.
Your skin changes colour to match your surroundings (Stealth+).
Your rubbery body absorbs attacks. (AC +1, EV +1)
((You are camouflaged when in or above water. (Stealth+)))
You have tentacles for arms and can constrict up to eight enemies at once.
You are partially covered in iridescent scales. (AC +2)
You are vulnerable to cold. (rC-)
You occasionally lose the ability to drink potions when taking damage.


Message History

Something hits you.
* * * LOW HITPOINT WARNING * * *
The orc escapes!
The grasping roots constrict something!
Reactivating autopickup.
You feel a bit more experienced.
Your Evocations skill increases to level 2!
You barely miss the orc. You grab the orc.
The orc is heavily wounded.
You constrict the orc. The orc misses you.
You bludgeon the orc!
You kill the orc!
Okay, then.
Aiming: Throw Flame
Press: ? - help, Shift-Dir - straight line, f - orc priest
Aim: an orc priest, wielding a +0 hand axe (71% to hit)
The puff of flame misses the orc priest.
The orc priest is engulfed in a cloud of scalding steam.
The orc priest invokes the aid of Beogh against you.
Beogh smites you!
* * * LOW HITPOINT WARNING * * *
It was a potion of mutation.
You feel extremely strange.
Iridescent scales grow over part of your body.
You feel vulnerable to cold.
You occasionally lose the ability to drink potions when taking damage.
It was a potion of berserk rage.
A red film seems to cover your vision as you go berserk!
You feel yourself moving faster!
You feel mighty!
You feel a strong urge to attack something.
The orc priest looks encouraged for a moment.
You feel your anger nearly subside.
You are no longer berserk.
You are exhausted.
You feel yourself slow down.
The orc priest begins to cast a cantrip, but forgets the words!
You barely miss the orc priest. Your grab misses the orc priest.
Your squeeze misses the orc priest.
The orc priest is heavily wounded.
The orc priest hits you with a +0 hand axe.
You die...

###.########.# ....# #.#
###.########.# .........>##.#
####### ###.#####.##.# #.....# #
#.# #.##.# #)###.# #
#.#####.##.## #)# #
#...........#######.# #
#######.#.#...@.....# .# ##
#.#.#.#o#########.# #.#
#.#.#.#).~.###.... 5..
########.#.#...~8~..#..## #.##+
##..........#.~..~..~....###..#..
.>..)....#...~8~..(~8~......# +..
##.#####...~..~..~..~..~.##...#..
...# #.#~8~...~8~...~8~####.##'
#### #.#.~..~..~..~..~.# #.....


You could see an orc priest.

Vanquished Creatures
  A hound (D:4)
  An iguana (D:4)
  2 orc wizards (D:4)
  Natasha (thrice) (D:4)
  5 adders (D:2)
  3 worms (D:2)
  4 dart slugs
  3 orcs
  7 ball pythons
  7 bats
  6 endoplasms
  8 giant cockroaches
  10 goblins
  6 hobgoblins
  8 kobolds
  4 quokkas (D:3)
  7 frilled lizards
  3 rats
88 creatures vanquished.

Notes
Turn   | Place    | Note
-------+----------+-------------------------------------------
     0 | D:1      | frimble the Octopode Warper began the quest for the Orb.
     0 | D:1      | Reached XP level 1. HP: 14/14 MP: 3/3
   101 | D:1      | Reached XP level 2. HP: 17/19 MP: 5/5
   179 | D:1      | Reached skill level 3 in Unarmed Combat
   477 | D:1      | Reached XP level 3. HP: 20/24 MP: 6/6
   975 | D:2      | Reached skill level 4 in Unarmed Combat
  1010 | D:2      | Reached XP level 4. HP: 22/29 MP: 7/7
  1707 | D:3      | Reached skill level 5 in Unarmed Combat
  1749 | D:3      | Reached XP level 5. HP: 34/34 MP: 8/8
  2008 | D:3      | Identified a scroll of acquirement
  2008 | D:3      | Acquired 707 gold pieces
  2370 | D:4      | Noticed Natasha
  2381 | D:4      | Killed Natasha
  2512 | D:4      | Noticed Natasha
  2521 | D:4      | Killed Natasha
  2647 | D:4      | Reached skill level 6 in Unarmed Combat
  2686 | D:4      | Noticed Grinder
  2926 | D:4      | Noticed Natasha
  2933 | D:4      | Killed Natasha
  2934 | D:4      | Reached XP level 6. HP: 20/39 MP: 9/9
  3128 | D:4      | Reached skill level 1 in Evocations
  3270 | D:4      | HP: 1/39 [orc priest/divine providence (9)]
  3273 | D:4      | Gained mutation: You are partially covered in iridescent
                  | scales. (AC +2) [potion of mutation]
  3273 | D:4      | Gained mutation: You are vulnerable to cold. (rC-) [potion
                  | of mutation]
  3273 | D:4      | Gained mutation: You occasionally lose the ability to drink
                  | potions when taking damage. [potion of mutation]
  3279 | D:4      | Slain by an orc priest

Illustrated notes

Levels and vault maps discovered:
D:1:      lightli_arrival_statuegarden, layout_loops_ring
D:2:      layout_rooms, grunt_ministairs_13, nicolae_underground_beach
D:3:      layout_loops_ring
D:4:      layout_loops_ring, kennysheep_doodads, minmay_misc_feat_doors,
          uniq_natasha, uniq_grinder

Skill      XL: |  1  2  3  4  5  6 |
---------------+-------------------+-----
Unarmed Combat | 3 4 5 6 |  6.2
Evocations     | 2 |  2.3
Fighting       | |  2.0
Throwing       | |  1.0
Dodging        | |  2.3
Spellcasting   | |  2.0
Translocations | |  3.0

Action                     |  1- 3 |  4- 6 || total
---------------------------+-------+-------++-------
  Melee: Unarmed           |    82 |   115 ||   197
         Tentacles         |    19 |    30 ||    49
         Constrict         |    23 |    25 ||    48
         Punch             |       |     5 ||     5
  Throw: Javelin           |       |     3 ||     3
  Evoke: Wand              |       |     2 ||     2
    Use: Scroll            |     2 |     3 ||     5
         Potion            |       |     2 ||     2
   Stab: Sleeping          |     6 |     5 ||    11
 Armour: Skin              |     9 |     5 ||    14
  Dodge: Dodged            |    42 |    39 ||    81

Table legend: (Time is in decaauts)
 A = Elapsed time spent in this place.
 B = Non-inter-level travel time spent in this place.
 C = Inter-level travel time spent in this place.
 D = Time resting spent in this place.
 E = Time spent auto-exploring this place.
 F = Levels seen in this place.
 G = Mean time per level.
                   A        B        C        D        E       F      G
               +--------+--------+--------+--------+--------+-----+--------+
         Total |   3270 |   3097 |    173 |      4 |   2535 |   4 |  817.5 |
       Dungeon |   3270 |   3097 |    173 |      4 |   2535 |   4 |  817.5 |
               +--------+--------+--------+--------+--------+-----+--------+

Top non-repeatable levels by time:
     D:1: 932 daAuts
     D:4: 930 daAuts
     D:2: 730 daAuts
     D:3: 676 daAuts
